AoeStats
← Dovalle95

Arabia

510395568Analyzed
1v1 RM · 15h ago on Sep 30, 2026· 20m 15s· 2 players
Game mode
Random Map
Map size
Tiny (2 player)
Population
200
Speed
Normal
Resources
Standard
Victory
Conquest
Starting age
Dark Age
Ending age
Imperial Age
RankedLock teamsTeams togetherTeam positionsShared explorationLock speedFull tech treeHidden civsTurbo modeCheats
Victory
Defeat
🇨🇴 Turks · Colombia
920
+15
🇻🇮 Aztecs · U.S. Virgin Islands
892
-42
tcavagnaro
0:28 Loom
10:23 Feudal Age
12:26 Wheelbarrow
Dovalle95
7:24 Loom
11:28 Feudal Age
15:27 Horse Collar
15:36 Double-Bit Axe
20:50 Castle Age
Connection lost

Rejoining the realm…

Still unreachable

The connection could not be restored.

Session expired

The server has moved on; the page needs a fresh start.